 Dungeon Crawl Stone Soup version 0.30-a0-772-g5528072125 (webtiles) character file.

Game seed: 11876025317557982041

135 kae the Digger (level 5, -4/28 HPs)
             Began as a Gargoyle Earth Elementalist on Feb 12, 2023.
             Killed from afar by Sigmund (6 damage)
             ... with a magic dart
             ... on level 3 of the Dungeon.
             The game lasted 00:03:07 (1821 turns).

kae the Digger (Gargoyle Earth Elementalist)        Turns: 1821, Time: 00:03:08

Health: -4/28      AC:  6    Str: 12    XL:     5   Next: 18%
Magic:  2/10       EV: 11    Int: 17    God:
Gold:   89         SH:  0    Dex: 10    Spells: 5/11 levels left

rFire   . . .      SeeInvis .    i - +1 war axe (freeze)
rCold   . . .      Faith    .    (no shield)
rNeg    + . .      Spirit   .    a - +0 robe
rPois   ∞          Reflect  .    (no helmet)
rElec   +          Harm     .    (no cloak)
rCorr   .          Rampage  .    (no gloves)
Will    .....                    (no boots)
Stlth   ++                       (no amulet)
HPRegen 0.24/turn                (no ring)
MPRegen 0.12/turn                (no ring)

@: no status effects
A: sickness immunity, AC +4, negative energy resistance 1, electricity
resistance, torment resistance 1, petrification resistance
a: no special abilities


You were on level 3 of the Dungeon.
You visited 1 branch of the dungeon, and saw 3 of its levels.

You collected 89 gold pieces.


Innate Abilities, Weirdness & Mutations

You are immune to sickness and miasma.
Your stone body is resilient. (AC +4)
You are immune to poison.
You resist negative energy. (rN+)
You are resistant to electric shocks. (rElec)
You are resistant to unholy torment.
You are immune to petrification.


   Skills:
 - Level 1.5 Dodging
 - Level 2.1 Stealth
 + Level 3.5 Spellcasting
 * Level 1.2 Conjurations
 - Level 0.7 Transmutations
 + Level 5.3 Earth Magic


You had 5 spell levels left.
You knew the following spells:

 Your Spells              Type           Power      Damage    Failure   Level
a - Sandblast             Erth           42%        2d11      1%          1
b - Stone Arrow           Conj/Erth      28%        3d8       13%         3
c - Passwall              Tmut/Erth      10%        N/A       7%          2

Your spell library contained the following spells:

 Spells                   Type           Power      Damage    Failure   Level
 Petrify                  Tmut/Erth      13%        N/A       43%         4

Inventory:

Hand Weapons
 c - a +1 dagger
   (You found it on level 1 of the Dungeon)
 i - a +1 war axe of freezing (weapon)
   (You found it on level 2 of the Dungeon)
Missiles
 e - 23 stones
Armour
 a - a +0 robe (worn)
Scrolls
 d - a scroll of identify {@r1}
 j - 2 scrolls of magic mapping {unknown}
 k - a scroll of fear {unknown}
 l - a scroll of enchant weapon
Potions
 b - a potion of magic
 f - 2 potions of brilliance {unknown}
 g - a potion of mutation {!q}
 h - a potion of ambrosia {unknown}

Dungeon Overview and Level Annotations

Branches:
Dungeon (3/15) Zot: 16126

Altars:
Dithmenos

Annotations:
D:3 Sigmund

........####......##
.........# ##....##
.........####.####### .
..............###...+ ..
...................##...
.)......#...............
........................
..............##........
..............##@.......
..............##........
..............##{.......
..............##........
........#....###........
........#..... ..?..?...
..[....#...............
......#...............


There were no monsters in sight!


Message History

A quokka comes into view. 😎 HP[+4] MP[+5]
Your hp is fully restored (28).
Your mp is fully restored (10).
A quokka is nearby!
Sigmund the Dreaded comes into view.
He is wielding a +1 scythe of flaming and wearing a +2 robe of positive energy.
Sigmund shouts!
Casting: Sandblast (safe; 1% risk of failure)
Confirm with . or Enter, or press ? or * to list all spells.
Aiming: Sandblast (safe; 1% risk of failure)
Press: ? - help, Shift-Dir - straight line, f - Sigmund
Aim: Sigmund, wielding a +1 scythe of flaming and wearing a +2 robe of positive energy (81% to hit)
The blast of sand hits Sigmund. 😎 MP[-1]
You lost 1 mp, and now have 9/10 mp.
Casting: Sandblast (safe; 1% risk of failure)
Confirm with . or Enter, or press ? or * to list all spells.
Aiming: Sandblast (safe; 1% risk of failure)
Press: ? - help, Shift-Dir - straight line, f/p - Sigmund
Aim: Sigmund, wielding a +1 scythe of flaming and wearing a +2 robe of positive energy (lightly wounded, 81% to hit)
The blast of sand hits Sigmund.
Sigmund hits you from afar with a +1 scythe of flaming.
Sigmund burns you. 😕 HP[-6] MP[-1]
You take 6 damage, and now have 22/28 hp.
MASSIVE DAMAGE!! (PAUSE)
You lost 1 mp, and now have 8/10 mp.
Casting: Sandblast (safe; 1% risk of failure)
Confirm with . or Enter, or press ? or * to list all spells.
Aiming: Sandblast (safe; 1% risk of failure)
Press: ? - help, Shift-Dir - straight line, f/p - Sigmund
Aim: Sigmund, wielding a +1 scythe of flaming and wearing a +2 robe of positive energy (heavily wounded, 81% to hit)
The blast of sand hits Sigmund!
Sigmund closely misses you. The quokka misses you. 😕 MP[-1]
You lost 1 mp, and now have 7/10 mp.
Casting: Sandblast (safe; 1% risk of failure)
Confirm with . or Enter, or press ? or * to list all spells.
Aiming: Sandblast (safe; 1% risk of failure)
Press: ? - help, Shift-Dir - straight line, f/p - Sigmund
Aim: Sigmund, wielding a +1 scythe of flaming and wearing a +2 robe of positive energy (severely wounded, 81% to hit)
The blast of sand hits the quokka.
You kill the quokka!
Sigmund points at you and mumbles some strange words.
The puff of flame hits you!
* * * LOW HITPOINT WARNING * * *
Sigmund closely misses you. 😨 HP[-11] MP[-1]
You take 11 damage, and now have 11/28 hp.
MASSIVE DAMAGE!! (PAUSE)
You lost 1 mp, and now have 6/10 mp.
Casting: Sandblast (safe; 1% risk of failure)
Confirm with . or Enter, or press ? or * to list all spells.
Aiming: Sandblast (safe; 1% risk of failure)
Press: ? - help, Shift-Dir - straight line, f/p - Sigmund
Aim: Sigmund, wielding a +1 scythe of flaming and wearing a +2 robe of positive energy (severely wounded, 81% to hit)
The blast of sand hits Sigmund but does no damage.
Sigmund gestures wildly while chanting.
Sigmund flickers and vanishes!
Deactivating autopickup; reactivate with Ctrl-A. 😨 HP[+1] MP[-1]
You lost 1 mp, and now have 5/10 mp.
Casting: Sandblast (safe; 1% risk of failure)
Confirm with . or Enter, or press ? or * to list all spells.
You can't see any susceptible monsters within range! (Use Z to cast anyway.) Unknown command.
Casting: Sandblast (safe; 1% risk of failure)
Confirm with . or Enter, or press ? or * to list all spells.
You can't see any susceptible monsters within range! (Use Z to cast anyway.)
Casting: Sandblast (safe; 1% risk of failure)
Confirm with . or Enter, or press ? or * to list all spells.
Aiming: Sandblast (safe; 1% risk of failure)
Press: ? - help, Shift-Dir - straight line Something hits you but does no damage.
Casting: Sandblast (safe; 1% risk of failure)
Confirm with . or Enter, or press ? or * to list all spells.
Aiming: Sandblast (safe; 1% risk of failure)
Press: ? - help, Shift-Dir - straight line The blast of sand hits something but does no damage.
Something hits you!
* * * LOW HITPOINT WARNING * * *
Something burns you.
* * * LOW HITPOINT WARNING * * *
😱 HP[-10] MP[-1]
You take 10 damage, and now have 2/28 hp.
MASSIVE DAMAGE!! (PAUSE)
You lost 1 mp, and now have 4/10 mp.
Casting: Sandblast (safe; 1% risk of failure)
Confirm with . or Enter, or press ? or * to list all spells.
Aiming: Sandblast (safe; 1% risk of failure)
Press: ? - help, Shift-Dir - straight line The blast of sand hits something.
Something completely misses you. 😱 MP[-1]
You lost 1 mp, and now have 3/10 mp.
Casting: Sandblast (safe; 1% risk of failure)
Confirm with . or Enter, or press ? or * to list all spells.
Aiming: Sandblast (safe; 1% risk of failure)
Press: ? - help, Shift-Dir - straight line A magic dart appears from out of thin air!
The magic dart hits you.
You die...

Skill      XL: |  1  2  3  4 |
---------------+-------------+-----
Earth Magic    | 4 5 |  5.3
Spellcasting   | 3 |  3.5
Conjurations   | 1 |  1.2
Dodging        | |  1.5
Stealth        | |  2.1
Transmutations | |  0.7

Action                     |  1- 3 |  4- 6 || total
---------------------------+-------+-------++-------
  Melee: Dagger            |     4 |       ||     4
         War axe           |       |    10 ||    10
   Cast: Sandblast         |    59 |    36 ||    95
         Stone Arrow       |       |     1 ||     1
    Use: Scroll            |     5 |       ||     5
 Armour: Robe              |     9 |    13 ||    22
  Dodge: Dodged            |    13 |    22 ||    35

Levels and vault maps discovered:
D:1:      minmay_arrival_checkered_box, layout_basic
D:2:      layout_loops_ring, shapermc_ecumenical_altar_acropolis, basic_altar,
          hangedman_glass_teeth, palyth_stone_intersect,
          nicolae_elevator_lobby_plus
D:3:      minmay_roachtagon, layout_basic, regret_index_temple_of_mockery,
          minmay_gold_behind_fungi, uniq_sigmund, uniq_jessica, uniq_terence

Notes
Turn   | Place    | Note
-------+----------+-------------------------------------------
     0 | D:1      | kae the Gargoyle Earth Elementalist began the quest for the
                  | Orb.
     0 | D:1      | Reached XP level 1. HP: 10/10 MP: 3/3
     0 | D:1      | magus.rc [v1.11.3]
   104 | D:1      | Reached XP level 2. HP: 11/15 MP: 0/5
   158 | D:1      | Reached skill level 4 in Earth Magic
   440 | D:1      | Identified +0 gold dragon scales
   479 | D:1      | Reached XP level 3. HP: 19/19 MP: 3/6
   892 | D:2      | Found the +3 giant club "Skullcrusher" {speed, Str+7}
  1010 | D:2      | Found a shadowy altar of Dithmenos.
  1106 | D:2      | Reached skill level 3 in Spellcasting
  1148 | D:2      | Found a faded altar of an unknown god.
  1156 | D:2      | Reached XP level 4. HP: 24/24 MP: 5/8
  1541 | D:2      | You fall into a shaft and drop 1 floor!
  1573 | D:3      | Reached skill level 5 in Earth Magic
  1620 | D:3      | Learned a level 3 spell: Stone Arrow
  1623 | D:3      | Learned a level 2 spell: Passwall
  1666 | D:3      | Noticed Terence
  1733 | D:3      | Killed Terence
  1734 | D:3      | Reached skill level 1 in Conjurations
  1734 | D:3      | Reached XP level 5. HP: 20/28 MP: 3/10
  1811 | D:3      | Noticed Sigmund
  1819 | D:3      | HP: 3/28 [something (10)]
  1821 | D:3      | Killed from afar by Sigmund

Vanquished Creatures
  Terence (D:3)
  3 gnolls (D:3)
  An adder (D:2)
  2 worms (D:2)
  2 dart slugs
  7 ball pythons
  7 endoplasms
  10 giant cockroaches
  2 hobgoblins
  7 kobolds
  4 quokkas
  3 bats
  3 frilled lizards (D:2)
  5 goblins
  3 rats
60 creatures vanquished.

Vanquished Creatures (others)
  2 plants (D:2)
  3 toadstools (D:3)
5 creatures vanquished.

Grand Total: 65 creatures vanquished

Table legend:
 A = Non-vault XP
 B = Vault XP
 C = Vault XP percentage of total XP
 D = Non-vault monster count
 E = Vault monster count
 F = Vault count percentage of total count
                 A         B        C        D         E       F
            +---------+---------+-------+---------+---------+-------
      Total |     140 |      54 |  27.8 |      50 |      10 |  16.7
            +---------+---------+-------+---------+---------+-------
        D:1 |      37 |       0 |   0.0 |      21 |       0 |   0.0
        D:2 |      58 |       0 |   0.0 |      25 |       0 |   0.0
        D:3 |      45 |      54 |  54.5 |       4 |      10 |  71.4
            +---------+---------+-------+---------+---------+-------

Illustrated notes

Table legend:
 A = Kills in this place as a percentage of kills in entire the game.
 B = Kills by you in this place as a percentage of kills by you in the entire game.
 C = Kills by friends in this place as a percentage of kills by friends in the entire game.
 D = Other kills in this place as a percentage of other kills in the entire game.
 E = Experience gained in this place as a percentage of experience gained in the entire game.
 F = Experience gained in this place divided by the number of levels of this place that you have seen.
                   A       B       C       D       E      F
               +-------+-------+-------+-------+-------+----------------------
         Total | 100.0 | 100.0 |   N/A |   N/A | 100.0 |  64.7
       Dungeon | 100.0 | 100.0 |   N/A |   N/A | 100.0 |  64.7
               +-------+-------+-------+-------+-------+----------------------

Table legend: (Time is in decaauts)
 A = Elapsed time spent in this place.
 B = Non-inter-level travel time spent in this place.
 C = Inter-level travel time spent in this place.
 D = Time resting spent in this place.
 E = Time spent auto-exploring this place.
 F = Levels seen in this place.
 G = Mean time per level.
                   A        B        C        D        E       F      G
               +--------+--------+--------+--------+--------+-----+--------+
         Total |   1872 |   1844 |     28 |     72 |   1399 |   3 |  624.0 |
       Dungeon |   1872 |   1844 |     28 |     72 |   1399 |   3 |  624.0 |
               +--------+--------+--------+--------+--------+-----+--------+

Top non-repeatable levels by time:
     D:2: 933 daAuts
     D:1: 640 daAuts
     D:3: 297 daAuts
